 Dungeon Crawl Stone Soup version 0.28-a0-1510-gd0f6b136d3 (webtiles) character file.

Game seed: 15553135559902174298

112 gruber the Chopper (level 4, 0/41 HPs)
             Began as a Hill Orc Fighter on Jan 14, 2022.
             Slain by an orc wizard (3 damage)
             ... on level 3 of the Dungeon.
             The game lasted 00:01:41 (2067 turns).

gruber the Chopper (Hill Orc Fighter)               Turns: 2067, Time: 00:01:42

Health: 0/41       AC:  9    Str: 20    XL:     4   Next: 95%
Magic:  13/13      EV:  9    Int:  8    God:
Gold:   107        SH:  4    Dex: 10    Spells: 3/3 levels left

rFire   . . .      SeeInvis .   a - +0 war axe
rCold   . . .      Faith    .   c - +0 buckler
rNeg    . . .      Spirit   .   b - +0 scale mail
rPois   .          Reflect  .   f - +1 helmet
rElec   .          Harm     .   (no cloak)
rCorr   .          Rampage  .   (no gloves)
Will    .....                   (no boots)
Stlth   ..........              (no amulet)
HPRegen 0.13/turn               g - ring of magical power
MPRegen 0.13/turn               (no ring)

@: no status effects
A: no striking features
a: no special abilities


You were on level 3 of the Dungeon.
You visited 1 branch of the dungeon, and saw 3 of its levels.

You collected 107 gold pieces.

Inventory:

Hand Weapons
 a - a +0 war axe (weapon)
Armour
 b - a +0 scale mail (worn)
 c - a +0 buckler (worn)
 f - a +1 helmet (worn)
Jewellery
 g - a ring of magical power (left hand)
Scrolls
 e - 6 scrolls of identify {unknown}
 h - a scroll of enchant weapon {unknown}
 i - a scroll of immolation {unknown}
 j - a scroll of blinking {unknown}
 k - a scroll of amnesia {unknown}
 l - a scroll of magic mapping {unknown}
Potions
 d - a potion of might
 m - a potion of curing {unknown}
 n - a potion of haste {unknown}


   Skills:
 + Level 4.7 Fighting
 + Level 5.6 Axes
 - Level 3.2 Armour
 - Level 3.2 Shields


You had 3 spell levels left.
You didn't know any spells.
Your spell library contained the following spells:

 Spells                   Type           Power      Damage    Failure   Level
 Corpse Rot               Necr/Air       0%         N/A       94%         2
 Poisonous Vapours        Pois/Air       0%         N/A       94%         2
 Gell's Gravitas          Tloc           0%         N/A       99%         3
 Lesser Beckoning         Tloc           0%         N/A       99%         3
 Teleport Other           Tloc           0%         N/A       99%         3


Dungeon Overview and Level Annotations

Branches:
Dungeon (3/15)

Altars:


Message History

You kill the orc!
You miss something. You block something's attack.
No target in view!
No target in view!
You closely miss something. Something hits you but does no damage.
You writhe in agony.
You closely miss something. Something hits you.
You writhe in agony.
You completely miss something. Something hits you but does no damage.
You writhe in agony.
Something hits you but does no damage.
You writhe in agony.
You miss something. Something completely misses you.
You closely miss something. Something completely misses you.
You hit something.
You hear some strange, mumbled words.
A magic dart appears from out of thin air!
The magic dart hits you.
You closely miss something. Something hits you but does no damage.
You writhe in agony.
You hear some strange, mumbled words.
A magic dart appears from out of thin air!
The magic dart hits you.
You miss something.
You hear some strange, mumbled words.
A puff of flame appears from out of thin air!
The puff of flame hits you!
* * * LOW HITPOINT WARNING * * *
You miss something. Something hits you but does no damage.
You closely miss something. Something hits you but does no damage.
You writhe in agony.
* * * LOW HITPOINT WARNING * * *
You closely miss something.
An orc wizard appears from thin air!
Reactivating autopickup.
The orc wizard misses you. x2
You closely miss the orc wizard.
The orc wizard is heavily wounded.
The orc wizard hits you but does no damage.
You hit the orc wizard but do no damage.
The orc wizard is heavily wounded.
The orc wizard hits you with a +1 dagger of pain.
You die...

...........#.# #.# #.#
.....#.#...#.# #.####.##
.....#.#...#.# #........
.....#.#...#.# ######.##
..†..#....##.##### #######'##
.....#.#...#.#...# .........#
####.#.#...#.#...# ..........'
#............#..o###............#
#.##.#..#.#..#..@)...>..........#
# <.....#.#..#..)###............#
#.......#.#..'...# ..........#
#.#.#(..#.##.#...# .........#
#.#.#...#....#...# .........# .
#.##.#######...# ######### #. ...
....# ##.... #..###


You could see an orc wizard.

Vanquished Creatures
  An orc wizard (D:3)
  2 adders (D:2)
  A worm (D:3)
  4 orcs (D:3)
  3 endoplasms
  4 giant cockroaches
  7 goblins
  9 hobgoblins
  4 jackals (D:1)
  2 quokkas
  6 ball pythons
  5 bats
  4 frilled lizards
  13 kobolds
  5 rats
70 creatures vanquished.

Vanquished Creatures (others)
  6 plants (D:1)
6 creatures vanquished.

Grand Total: 76 creatures vanquished

Notes
Turn   | Place    | Note
-------+----------+-------------------------------------------
     0 | D:1      | gruber the Hill Orc Fighter began the quest for the Orb.
     0 | D:1      | Reached XP level 1. HP: 19/19 MP: 1/1
   268 | D:1      | Reached skill level 3 in Axes
   268 | D:1      | Reached XP level 2. HP: 19/27 MP: 2/2
   757 | D:1      | Reached XP level 3. HP: 33/33 MP: 3/3
   770 | D:1      | Reached skill level 4 in Axes
   914 | D:1      | Found a faded altar of an unknown god.
  1450 | D:2      | Reached skill level 5 in Axes
  1450 | D:2      | Reached XP level 4. HP: 41/41 MP: 4/4
  2067 | D:3      | Slain by an orc wizard

Illustrated notes

Levels and vault maps discovered:
D:1:      dpeg_arrival_boxorama, layout_basic,
          shapermc_ecumenical_altar_totnotflames, chequers_hall_statues_wall_a,
          lexackson_kobold_supper
D:2:      layout_basic
D:3:      layout_basic

Skill      XL: |  1  2  3 |
---------------+----------+-----
Fighting       | 4 |  4.7
Axes           | 3 5 |  5.6
Armour         | |  3.2
Shields        | |  3.2

Action                   |  1- 3 |  4- 6 || total
-------------------------+-------+-------++-------
Melee: War axe           |   114 |    67 ||   181
Armor: Scale mail        |    66 |    42 ||   108
Dodge: Dodged            |    64 |    21 ||    85
Block: Buckler           |    27 |    13 ||    40

Table legend: (Time is in decaauts)
 A = Elapsed time spent in this place.
 B = Non-inter-level travel time spent in this place.
 C = Inter-level travel time spent in this place.
 D = Time resting spent in this place.
 E = Time spent auto-exploring this place.
 F = Levels seen in this place.
 G = Mean time per level.
                   A        B        C        D        E       F      G
               +--------+--------+--------+--------+--------+-----+--------+
         Total |   2123 |   2083 |     40 |      0 |   1640 |   3 |  707.7 |
       Dungeon |   2123 |   2083 |     40 |      0 |   1640 |   3 |  707.7 |
               +--------+--------+--------+--------+--------+-----+--------+

Top non-repeatable levels by time:
     D:1: 1323 daAuts
     D:2: 512 daAuts
     D:3: 286 daAuts
